 Dungeon Crawl Stone Soup version 0.31-a0-496-g6f97920a28 (webtiles) character file.

Game seed: 13536704937443698051

102 randomguy2701 the Grave Robber (level 4, -5/24 HPs)
             Began as a Deep Elf Necromancer on Aug 9, 2023.
             Slain by a phantom (6 damage)
             ... on level 4 of the Dungeon.
             The game lasted 00:04:28 (3495 turns).

randomguy2701 the Grave Robber (DENe)               Turns: 3495, Time: 00:04:28

Health: -5/24      AC:  2    Str:  5    XL:     4   Next: 50%
Magic:  13/13      EV: 12    Int: 22    God:
Gold:   96         SH:  0    Dex: 15    Spells: 12/13 levels left

rFire   + + .        v - staff of fire
rCold   x . .        (no shield)
rNeg    . . .        a - +0 robe
rPois   .            (no helmet)
rElec   .            (no cloak)
rCorr   .            (no gloves)
SInv    .            (no boots)
Will    .....        (no amulet)
Stlth   ++           w - ring of fire
HPRegen 0.24/turn    (no ring)
MPRegen 0.13/turn

%: no passive effects
@: no status effects
A: no striking features
a: no special abilities


You were on level 4 of the Dungeon.
You visited 2 branches of the dungeon, and saw 5 of its levels.

You collected 96 gold pieces.

Inventory:

Armour
 a - a +0 robe (worn)
Magical Staves
 v - a staff of fire (weapon)
Jewellery
 o - an amulet of faith
 w - a ring of fire (left hand)
Wands
 l - a wand of flame (16)
Scrolls
 d - 2 scrolls of identify {unknown}
 g - 2 scrolls of enchant weapon {unknown}
 i - a scroll of brand weapon {unknown}
 m - a scroll of teleportation {unknown}
 n - 2 scrolls of amnesia {unknown}
 p - a scroll of silence {unknown}
 r - a scroll of poison {unknown}
 s - a scroll of revelation {unknown}
 u - a scroll of summoning {unknown}
Potions
 b - a potion of magic
 c - 7 potions of curing {unknown}
 e - a potion of might {unknown}
 f - 2 potions of brilliance {unknown}
 h - a potion of ambrosia {unknown}
 j - a potion of mutation {unknown}
 k - a potion of degeneration {unknown}
 q - 2 potions of enlightenment {unknown}
 t - a potion of haste {unknown}
 x - a potion of resistance {unknown}
 z - a potion of heal wounds {unknown}


   Skills:
 + Level 2.6 Dodging
 + Level 2.4 Stealth
 + Level 5.2 Spellcasting
 + Level 5.8 Necromancy


You had 12 spell levels left.
You knew the following spells:

 Your Spells              Type           Power      Damage    Failure   Level
a - Necrotise             Necr           100%       1d9       1%          1

Your spell library contained the following spells:

 Spells                   Type           Power      Damage    Failure   Level
 Vampiric Draining        Necr           31%        2d8       2%          3
 Kiss of Death            Conj/Necr      72%        2d10      3%          1
 Animate Dead             Necr           31%        N/A       9%          4
 Dispel Undead            Necr           31%        3d14      9%          4
 Agony                    Necr           31%        N/A       24%         5
 Confusing Touch          Hex            5%         N/A       30%         3


Dungeon Overview and Level Annotations

Branches:
Dungeon (4/15)             Temple (1/1) D:4

Altars:
Cheibriados
Dithmenos
Elyvilon
Nemelex Xobeh
Uskayaw
Wu Jian
Xom
Yredelemnul

Shops:
D:1 [


Message History

Found a sparkling altar of Nemelex Xobeh.
Found a hide-covered altar of Uskayaw.
There is a hide-covered altar of Uskayaw here.
Found a snail-covered altar of Cheibriados.
There is a staircase back to the Dungeon here.
There is a shadowy altar of Dithmenos here.
There is a shadowy altar of Dithmenos here.
There is a shadowy altar of Dithmenos here.
There is a hide-covered altar of Uskayaw here.
There is a shadowy altar of Dithmenos here.
There is a shadowy altar of Dithmenos here.
There is a shadowy altar of Dithmenos here.
There is a shadowy altar of Dithmenos here.
There is a shadowy altar of Dithmenos here.
There is a white marble altar of Elyvilon here.
There is a shadowy altar of Dithmenos here.
There is a shadowy altar of Dithmenos here.
You start waiting.
Done waiting.
You start waiting.
Done waiting.
You start waiting.
Done waiting.
You start waiting.
Done waiting.
There is a white marble altar of Elyvilon here.
There is a staircase back to the Dungeon here.
You can't go down here!
You climb upwards.
Welcome back to the Dungeon!
The scorpion stings you. The phantom hits you.
The phantom blinks!
You blink.
An orc comes into view. It is wielding a +0 mace.
Found a flail.
The phantom hits you! The phantom attacks as you move away!
The phantom barely misses you. The phantom attacks as you move away!
The phantom hits you.
* * * LOW HITPOINT WARNING * * *
The phantom attacks as you move away! The phantom misses you.
The phantom attacks as you move away! The phantom hits you!
* * * LOW HITPOINT WARNING * * *
The phantom attacks as you move away! The phantom hits you.
You die...

.# #..##...##.##.......).
.####... #..P#...#P#......
†))....####....>........#
)#.....##...P#...#P.....# .
...######.#..##.####....#....
.............s..P..o.........
............#.#..s#######....
.#..........#s########## .
##.............W@..>....
##..........#.##########
............#.##........
.................#######
.........).......# ####
#................# #....
#................##.....
#................#......
.................#......


You could see a phantom and a scorpion.

Vanquished Creatures
  A sleepcap (D:4)
  3 adders
  An ufetubus (D:4)
  A dart slug (D:1)
  An orc (D:3)
  3 bats (D:3)
  2 endoplasms (D:1)
  2 giant cockroaches
  4 goblins
  5 hobgoblins
  2 ball pythons
  2 frilled lizards
  9 kobolds
  2 rats
38 creatures vanquished.

Vanquished Creatures (collateral kills)
  An endoplasm (D:4)
  A goblin (D:4)
  A kobold (D:4)
3 creatures vanquished.

Grand Total: 41 creatures vanquished

Notes
Turn   | Place    | Note
-------+----------+-------------------------------------------
     0 | D:1      | randomguy2701 the Deep Elf Necromancer began the quest for
                  | the Orb.
     0 | D:1      | Reached XP level 1. HP: 10/10 MP: 6/6
   168 | D:1      | Found Paashopi's Armour Shoppe.
   180 | D:1      | Reached skill level 5 in Necromancy
   266 | D:1      | Reached XP level 2. HP: 15/15 MP: 4/8
  1173 | D:2      | Reached XP level 3. HP: 19/19 MP: 7/10
  1759 | D:3      | Noticed a scorpion
  2332 | D:4      | Reached XP level 4. HP: 24/24 MP: 9/12
  2341 | D:4      | Reached skill level 5 in Spellcasting
  2469 | D:4      | Noticed a phantom
  2471 | D:4      | Found a staircase to the Ecumenical Temple.
  2476 | D:4      | Noticed a scorpion
  2485 | Temple   | Entered the Ecumenical Temple
  3494 | D:4      | HP: 1/24 [phantom (7)]
  3495 | D:4      | Slain by a phantom

Illustrated notes

Levels and vault maps discovered:
D:1:      psy_arrival_spokes, layout_basic, serial_shops, shop_fountains,
          kennysheep_another_room
D:2:      layout_basic, minmay_misc_feat_doors
D:3:      layout_basic, grunt_temple_overflow_lords_of_destruction,
          serial_shops, nicolae_shop_just_a_little_nook, uniq_ijyb
D:4:      layout_rooms, minmay_temple_entry_gardened_gates
Temple:   hellmonk_temple_beads

Skill      XL: |  1  2  3  4 |
---------------+-------------+-----
Necromancy     | 5 |  5.8
Spellcasting   | 4 5 |  5.2
Dodging        | |  2.6
Stealth        | |  2.4

Action                     |  1- 3 |  4- 6 || total
---------------------------+-------+-------++-------
  Melee: Unarmed           |     1 |       ||     1
         Staff             |       |     9 ||     9
   Cast: Necrotise         |    65 |     9 ||    74
 Armour: Robe              |       |     1 ||     1
  Dodge: Dodged            |     7 |    30 ||    37

Table legend: (Time is in decaauts)
 A = Elapsed time spent in this place.
 B = Non-inter-level travel time spent in this place.
 C = Inter-level travel time spent in this place.
 D = Time resting spent in this place.
 E = Time spent auto-exploring this place.
 F = Levels seen in this place.
 G = Mean time per level.
                   A        B        C        D        E       F      G
               +--------+--------+--------+--------+--------+-----+--------+
         Total |   3497 |   2781 |    716 |    400 |   2106 |   5 |  699.4 |
       Dungeon |   2500 |   2379 |    121 |      0 |   2106 |   4 |  625.0 |
        Temple |    996 |    401 |    595 |    400 |      0 |   1 |  996.0 |
               +--------+--------+--------+--------+--------+-----+--------+

Top non-repeatable levels by time:
  Temple: 996 daAuts
     D:1: 973 daAuts
     D:2: 852 daAuts
     D:3: 375 daAuts
     D:4: 299 daAuts
